 Dungeon Crawl Stone Soup version 0.28-a0-1182-g381e24db82 (webtiles) character file.

Game seed: 12090944268472020857

839 ChaosChampion the Thaumaturge (level 7, -15/36 HPs)
             Began as a Deep Elf Conjurer on Dec 17, 2021.
             Was an Initiate of Vehumet.
             Demolished by an ogre (19 damage)
             ... on level 5 of the Dungeon.
             The game lasted 00:06:34 (4904 turns).

ChaosChampion the Thaumaturge (Deep Elf Conjurer)   Turns: 4904, Time: 00:06:34

Health: -15/36     AC:  5    Str:  4    XL:     7   Next: 67%
Magic:  12/21      EV: 27    Int: 25    God:    Vehumet [......]
Gold:   204        SH:  0    Dex: 13    Spells: 14/23 levels left

rFire   . . .      SeeInvis .   (no weapon)
rCold   . . .      Faith    .   (no shield)
rNeg    + . .      Spirit   .   p - +2 robe {rN+}
rPois   .          Reflect  .   (no helmet)
rElec   .          Harm     .   (no cloak)
rCorr   .          Rampage  .   j - +0 pair of gloves
Will    .....                   (no boots)
Stlth   ++........              b - amulet of the acrobat
HPRegen 0.12/turn               (no ring)
MPRegen 0.17/turn               (no ring)

@: acrobatic
A: no striking features
a: Renounce Religion


You were on level 5 of the Dungeon.
You worshipped Vehumet.
Vehumet was noncommittal.
You visited 2 branches of the dungeon, and saw 6 of its levels.

You collected 204 gold pieces.

Inventory:

Armour
 j - a +0 pair of gloves (worn)
 p - a +2 robe of positive energy (worn)
Jewellery
 b - an amulet of the acrobat (around neck)
 q - a ring of protection from fire
Wands
 r - a wand of flame (23)
Scrolls
 c - a scroll of noise {unknown}
 d - a scroll of silence {unknown}
 f - 5 scrolls of identify {unknown}
 h - 3 scrolls of blinking {unknown}
 i - a scroll of magic mapping {unknown}
 o - a scroll of vulnerability {unknown}
 s - a scroll of acquirement {unknown}
 t - a scroll of summoning {unknown}
Potions
 a - 3 potions of brilliance {unknown}
 e - 3 potions of curing
 g - a potion of heal wounds {unknown}
 k - a potion of invisibility {unknown}
 l - 2 potions of berserk rage {unknown}
 m - a potion of mutation {unknown}
 n - a potion of flight {unknown}


   Skills:
 - Level 2.4 Dodging
 - Level 2.4 Stealth
 + Level 8.8 Spellcasting
 + Level 7.1 Conjurations
 - Level 3.0 Translocations


You had 14 spell levels left.
You knew the following spells:

 Your Spells              Type           Power      Damage    Failure   Level
a - Magic Dart            Conj           100%       1d8       1%          1
b - Searing Ray           Conj           92%        2d7       1%          2
d - Iskenderun's Mystic   Conj/Tloc      36%        2d9       7%          4
z - Blink                 Tloc           52%        N/A       2%          2

Your spell library contained the following spells:

 Spells                   Type           Power      Damage    Failure   Level
 Dazzling Flash           Conj/Hex       56%        N/A       3%          3
 Fulminant Prism          Conj/Hex       14%        3d9       13%         4


Dungeon Overview and Level Annotations

Branches:
Dungeon (5/15)             Temple (1/1) D:4

Altars:
Cheibriados
Fedhas
Gozag
Hepliaklqana
Kikubaaqudgha
Makhleb
Okawaru
Qazlal
Sif Muna
Uskayaw
Vehumet
Wu Jian
Xom
Yredelemnul
Zin

Shops:
D:3 *   D:4 [

Annotations:
D:4 Dowan, Duvessa, Grinder


Message History

Press: ? - help, Shift-Dir - straight line, f/p - hound
Aim: a hound (100% to hit)
The magic dart hits the hound.
The hound is lightly wounded.
Casting: Magic Dart (safe; 1% risk of failure)
Confirm with . or Enter, or press ? or * to list all spells.
Aiming: Searing Ray (safe; 1% risk of failure)
Press: ? - help, Shift-Dir - straight line, f/p - hound
Aim: a hound (lightly wounded, 75% to hit)
The searing ray hits the hound!
The hound is almost dead. (Press . to maintain the ray.)
The searing ray hits the hound.
The hound is almost dead.
The hound completely misses you. x2
Casting: Searing Ray (safe; 1% risk of failure)
Confirm with . or Enter, or press ? or * to list all spells.
Restarting spell: Searing Ray (safe; 1% risk of failure)
Press: ? - help, Shift-Dir - straight line, f/p - hound
Aim: a hound (almost dead, 75% to hit)
The searing ray hits the hound.
You kill the hound!
Vehumet accepts your kill. (Press . to maintain the ray.)
Casting: Searing Ray (safe; 1% risk of failure)
Confirm with . or Enter, or press ? or * to list all spells.
Restarting spell: Searing Ray (safe; 1% risk of failure)
Press: ? - help, Shift-Dir - straight line, f - ogre
Aim: an ogre, wielding a +0 giant club (91% to hit)
The searing ray hits the ogre.
The ogre is lightly wounded. (Press . to maintain the ray.)
The ogre hits you with a +0 giant club!!
Ouch! That really hurt!
* * * LOW HITPOINT WARNING * * *
The searing ray hits the ogre.
The ogre is moderately wounded.
The ogre hits you with a +0 giant club!!
Ouch! That really hurt!
You die...

#.# #####'### #.......#
#.......# #.......#
#.......# ## #.......#
#. #.......# #.
####@......#########.
......O.................
........................
$.....#####.##########..
...... #.# ##. ......
#.# #. ?.... #.# #.
..... #.# #. #.########
#.


You could see an ogre.

Vanquished Creatures
  An ice beast (D:4)
  2 black bears
  2 ogres (D:5)
  A kobold brigand (D:4)
  A scorpion (D:4)
  A hound (D:5)
  A centaur skeleton (D:5)
  Jessica (D:3)
  Natasha (D:2)
  An orc wizard (D:4)
  4 adders
  2 white imps (D:5)
  2 adder skeletons (D:4)
  A worm (D:4)
  2 dart slugs
  11 orcs
  4 ball pythons
  3 endoplasms
  5 giant cockroaches
  8 goblins
  5 hobgoblins
  4 jackals
  2 quokkas
  A bat (D:3)
  4 frilled lizards
  6 kobolds
  5 rats
81 creatures vanquished.

Notes
Turn   | Place    | Note
-------+----------+-------------------------------------------
     0 | D:1      | ChaosChampion the Deep Elf Conjurer began the quest for the
                  | Orb.
     0 | D:1      | Reached XP level 1. HP: 10/10 MP: 6/6
   150 | D:1      | Found a faded altar of an unknown god.
   202 | D:1      | Reached XP level 2. HP: 15/15 MP: 4/8
   205 | D:1      | Learned a level 2 spell: Searing Ray
   870 | D:1      | Reached skill level 4 in Spellcasting
  1331 | D:2      | Reached XP level 3. HP: 19/19 MP: 8/11
  1872 | D:2      | Reached skill level 5 in Spellcasting
  1933 | D:2      | Noticed Natasha
  1936 | D:2      | Killed Natasha
  1937 | D:2      | Reached skill level 5 in Conjurations
  1937 | D:2      | Reached XP level 4. HP: 24/24 MP: 8/13
  2497 | D:3      | Found Soumeuv's General Store.
  2616 | D:3      | Found a snail-covered altar of Cheibriados.
  2665 | D:3      | Noticed Jessica
  2668 | D:3      | Killed Jessica
  2669 | D:3      | Reached skill level 6 in Spellcasting
  2674 | D:3      | Got Jessica's Grimoire of the Voyage
  2689 | D:3      | Learned a level 2 spell: Blink
  2694 | D:3      | Learned a level 4 spell: Iskenderun's Mystic Blast
  2800 | D:3      | Reached XP level 5. HP: 28/28 MP: 12/15
  3070 | D:4      | Noticed a black bear
  3123 | D:4      | Found Xiudghol's Armour Shop.
  3266 | D:4      | Noticed an ice beast
  3316 | D:4      | Killed an ice beast
  3317 | D:4      | Reached skill level 1 in Translocations
  3317 | D:4      | Reached XP level 6. HP: 18/32 MP: 2/17
  3485 | D:4      | Found a staircase to the Ecumenical Temple.
  3548 | Temple   | Entered the Ecumenical Temple
  3684 | Temple   | Became a worshipper of Vehumet
  3721 | D:4      | Reached skill level 7 in Spellcasting
  3808 | D:4      | Noticed Dowan
  4131 | D:4      | Noticed Duvessa
  4342 | D:4      | Noticed Grinder
  4385 | D:4      | Identified the +9 dagger "Qixycymo" {vorpal, rF+ Will+
                  | Dex+2}
  4533 | D:5      | Entered Level 5 of the Dungeon
  4547 | D:5      | Reached XP level 7. HP: 36/36 MP: 15/20
  4638 | D:5      | Reached skill level 8 in Spellcasting
  4904 | D:5      | Demolished by an ogre

Illustrated notes

Levels and vault maps discovered:
D:1:      nzn_arrival_crosshair, layout_loops_corners,
          shapermc_ecumenical_altar_gd, minmay_misc_feat_enclosed,
          hangedman_glass_garden, st_stairs_9, minmay_ruptured
D:2:      layout_basic, uniq_natasha
D:3:      layout_basic, mainiacjoe_overflow_alcove_4, serial_shops, shop,
          kennysheep_jessica_study
D:4:      layout_basic, nicolae_dithmenos_the_darkroom, tso_oasis_becter,
          minmay_temple_entry_water_ring, serial_shops, nicolae_stop_n_shop_2,
          uniq_duvessa, uniq_grinder
D:5:      layout_basic, nicolae_zen_rock_garden
Temple:   nicolae_temple_great_sept

Skill      XL: |  1  2  3  4  5  6  7 |
---------------+----------------------+-----
Spellcasting   | 4 5 6 7 8 |  8.8
Conjurations   | 5 6 7 |  7.1
Translocations | 1 3 |  3.0
Dodging        | |  2.4
Stealth        | |  2.4

Action                   |  1- 3 |  4- 6 |  7- 9 || total
-------------------------+-------+-------+-------++-------
 Cast: Magic Dart        |    68 |    51 |    17 ||   136
       Searing Ray       |     1 |    26 |     8 ||    35
       Iskenderun's Myst |       |     1 |       ||     1
  Use: Potion            |       |     1 |       ||     1
Armor: Robe              |       |     4 |     3 ||     7
Dodge: Dodged            |     3 |    11 |     7 ||    21

Table legend: (Time is in decaauts)
 A = Elapsed time spent in this place.
 B = Non-inter-level travel time spent in this place.
 C = Inter-level travel time spent in this place.
 D = Time resting spent in this place.
 E = Time spent auto-exploring this place.
 F = Levels seen in this place.
 G = Mean time per level.
                   A        B        C        D        E       F      G
               +--------+--------+--------+--------+--------+-----+--------+
         Total |   4908 |   4826 |     82 |    391 |   3603 |   6 |  818.0 |
       Dungeon |   4759 |   4689 |     70 |    391 |   3549 |   5 |  951.8 |
        Temple |    148 |    136 |     12 |      0 |     54 |   1 |  148.0 |
               +--------+--------+--------+--------+--------+-----+--------+

Top non-repeatable levels by time:
     D:3: 1396 daAuts
     D:1: 1282 daAuts
     D:4: 948 daAuts
     D:2: 762 daAuts
     D:5: 370 daAuts
  Temple: 148 daAuts
